 Dungeon Crawl Stone Soup version 0.28-a0-172-g787e458d71 (webtiles) character file.

Game seed: 14916678586991771855

2 riscky the Grasshopper (level 1, 0/17 HPs)
             Began as a Ghoul Warper on Aug 17, 2021.
             Slain by a goblin (2 damage)
             ... on level 1 of the Dungeon.
             The game lasted 00:03:10 (151 turns).

riscky the Grasshopper (Ghoul Warper)                Turns: 151, Time: 00:03:10

Health: 0/17       AC:  3    Str: 13 (14) XL:     1   Next: 40%
Magic:  2/2        EV: 11    Int:  5 (8)  God:
Gold:   9          SH:  0    Dex:  6 (8)  Spells: 3/3 levels left

rFire   . . .      SeeInvis .     - Unarmed
rCold   + . .      Faith    .   (no shield)
rNeg    + + +      Spirit   .   a - +0 leather armour
rPois   ∞          Reflect  .   (no helmet)
rElec   .          Harm     .   (no cloak)
rCorr   .          Rampage  .   (no gloves)
Will    .....                   (no boots)
Stlth   +.........              (no amulet)
HPRegen 0.00/turn               (no ring)
MPRegen 0.08/turn               (no ring)

@: inhibited regen
A: claws 1, cold resistance 1, negative energy resistance 3, inhibited
regeneration, torment resistance 2
a: no special abilities


You were on level 1 of the Dungeon.
You visited 1 branch of the dungeon, and saw 1 of its levels.

You collected 9 gold pieces.

Inventory:

Hand Weapons
 d - a +0 hand axe
 e - a +0 club
 g - a +0 spear
Missiles
 c - 4 boomerangs of dispersal (quivered)
 f - 2 stones
Armour
 a - a +0 leather armour (worn)


   Skills:
 + Level 2.1 Fighting
 + Level 0.8 Throwing
 + Level 0.8 Armour
 + Level 1.8 Dodging
 + Level 2.1 Unarmed Combat
 + Level 1.8 Spellcasting
 + Level 2.8 Translocations


You had 3 spell levels left.
You didn't know any spells.
Your spell library contained the following spells:

 Spells                   Type           Power      Damage    Failure   Level
 Blink                    Tloc           N/A        N/A       26%         2
 Gell's Gravitas          Tloc           1%         N/A       47%         3
 Lesser Beckoning         Tloc           1%         N/A       47%         3
 Teleport Other           Tloc           3%         N/A       47%         3
 Manifold Assault         Tloc           3%         N/A       99%         5


Dungeon Overview and Level Annotations

Branches:
Dungeon (1/15)

Altars:


Innate Abilities, Weirdness & Mutations

You thrive by killing the living.
You are immune to poison.
You have sharp fingernails.
Your flesh is cold resistant. (rC+)
You are immune to negative energy. (rN+++)
You do not regenerate when monsters are visible.
You are immune to unholy pain and torment.


Message History

You claw the bat!
You kill the bat!
You feel better.
Blink to where?
Press: ? - help, Dir - move target
As you read the scroll of blinking, it crumbles to dust.
A goblin comes into view. It is wielding a +0 club.
The goblin shouts!
Found a grey potion.
You see here a grey potion.
The goblin hits you with a +0 club.
You see here a grey potion.
b - a grey potion The goblin closely misses you.
You aren't carrying any scrolls.
It was a potion of degeneration.
There was something very wrong with that liquid.
You feel weakened.
You feel dopey.
You feel clumsy. The kobold hits you with a +0 dagger.
The goblin closely misses you. The goblin hits you but does no damage.
The kobold barely misses you. The goblin hits you with a +0 club.
The goblin barely misses you. The goblin hits you with a +0 club.
The goblin barely misses you. The kobold misses you.
The goblin hits you with a +0 club. The goblin hits you with a +0 club.
* * * LOW HITPOINT WARNING * * *
The goblin closely misses you. The goblin closely misses you.
The goblin hits you with a +0 club.
* * * LOW HITPOINT WARNING * * *
Throw: 5 boomerangs (disperse)
Press: ? - help, Q - select action, (/) - cycle Shift-Dir - straight line, f - goblin
Aim: a goblin, wielding a +0 club (43% to hit)
You throw a boomerang of dispersal.
The boomerang of dispersal hits the goblin.
The goblin blinks!
You kill the goblin!
The goblin closely misses you. The goblin hits you with a +0 club.
You die...

######## #......# #####
#.####.# #§g.########
#.####.###K#@...)...#
#.##.......########.#
#.##.#.##### #.#
#.##.#†# #.### #......#
#...#
####.################.#
#####.##.......#.......#
#.g...##.......#.#####.#
#.######.......# ##.##


You could see a goblin.

Vanquished Creatures
  A goblin (D:1)
  A bat (D:1)
  A kobold (D:1)
3 creatures vanquished.

Notes
Turn   | Place    | Note
-------+----------+-------------------------------------------
     0 | D:1      | riscky the Ghoul Warper began the quest for the Orb.
     0 | D:1      | Reached XP level 1. HP: 17/17 MP: 2/2
   151 | D:1      | Slain by a goblin

Illustrated notes

Levels and vault maps discovered:
D:1:      eino_arrival_tree_alley, layout_loops_cross,
          shapermc_ecumenical_altar_rom_forum

Action                   || total
-------------------------++-------
Melee: Unarmed           ||     8
Throw: Boomerang         ||     1
  Use: Scroll            ||     1
       Potion            ||     1
Armor: Leather armour    ||     6
Dodge: Dodged            ||    13

Table legend: (Time is in decaauts)
 A = Elapsed time spent in this place.
 B = Non-inter-level travel time spent in this place.
 C = Inter-level travel time spent in this place.
 D = Time resting spent in this place.
 E = Time spent auto-exploring this place.
 F = Levels seen in this place.
 G = Mean time per level.
                   A        B        C        D        E       F      G
               +--------+--------+--------+--------+--------+-----+--------+
         Total |    150 |    150 |      0 |      0 |      0 |   1 |  150.0 |
       Dungeon |    150 |    150 |      0 |      0 |      0 |   1 |  150.0 |
               +--------+--------+--------+--------+--------+-----+--------+

Top non-repeatable levels by time:
     D:1: 150 daAuts
